 Dungeon Crawl Stone Soup version 0.29-a0-520-gc852659d43 (webtiles) character file.

Game seed: 13256528792957420636

44 Bruhh the Grave Robber (level 3, 0/31 HPs)
             Began as an Ogre Necromancer on May 31, 2022.
             Succumbed to an adder's poison
             ... on level 2 of the Dungeon.
             The game lasted 00:01:09 (1383 turns).

Bruhh the Grave Robber (Ogre Necromancer)           Turns: 1383, Time: 00:01:10

Health: 0/31       AC:  3    Str: 12    XL:     3   Next: 62%
Magic:  1/8        EV:  9    Int: 18    God:
Gold:   11         SH:  0    Dex:  9    Spells: 8/9 levels left

rFire   . . .      SeeInvis .   e - +0 dagger
rCold   . . .      Faith    .   (no shield)
rNeg    . . .      Spirit   .   a - +0 robe
rPois   .          Reflect  .   (helmet restricted)
rElec   .          Harm     .   (no cloak)
rCorr   .          Rampage  .   (gloves unavailable)
Will    .....                   (boots unavailable)
Stlth   +.........              (no amulet)
HPRegen 0.10/turn               (no ring)
MPRegen 0.11/turn               (no ring)

@: lethally poisoned (0 -> -1)
A: large, unfitting armour, tough skin 1
a: no special abilities


You were on level 2 of the Dungeon.
You visited 1 branch of the dungeon, and saw 2 of its levels.

You collected 11 gold pieces.

Inventory:

Hand Weapons
 e - a +0 dagger (weapon)
Armour
 a - a +0 robe (worn)
Jewellery
 d - a ring of see invisible
Scrolls
 c - a scroll of teleportation {unknown}
Potions
 b - a potion of magic


   Skills:
 - Level 1.7 Dodging
 - Level 1.4 Stealth
 + Level 3.5 Spellcasting
 + Level 4.2 Necromancy


You had 8 spell levels left.
You knew the following spells:

 Your Spells              Type           Power      Damage    Failure   Level
a - Necrotize             Necr           72%        1d7       2%          1

Your spell library contained the following spells:

 Spells                   Type           Power      Damage    Failure   Level
 Vampiric Draining        Necr           18%        2d7       9%          3
 Animate Dead             Necr           18%        N/A       26%         4
 Agony                    Necr           18%        N/A       58%         5


Dungeon Overview and Level Annotations

Branches:
Dungeon (2/15)

Altars:


Innate Abilities, Weirdness & Mutations

You are too large for most types of armour.
You have tough skin. (AC +1)


Message History

Press: ? - help, Shift-Dir - straight line, f/p - adder
Aim: an adder (heavily wounded, ally target, chance to affect: 83%)
The adder writhes in agony.
You feel very sick. The adder closely misses you.
Your quokka skeleton barely misses the adder.
Casting: Necrotize (safe; 2% risk of failure)
Confirm with . or Enter, or press ? or * to list all spells.
Aiming: Necrotize (safe; 2% risk of failure)
Press: ? - help, Shift-Dir - straight line, f/p - adder
Aim: an adder (heavily wounded, ally target, chance to affect: 83%)
The adder writhes in agony.
You feel sick. The adder bites you.
* * * LOW HITPOINT WARNING * * *
Your quokka skeleton closely misses the adder.
Unknown command.
Casting: Necrotize (safe; 2% risk of failure)
Confirm with . or Enter, or press ? or * to list all spells.
Aiming: Necrotize (safe; 2% risk of failure)
Press: ? - help, Shift-Dir - straight line, f/p - adder
Aim: an adder (severely wounded, ally target, chance to affect: 83%)
The adder writhes in agony.
You kill the adder!
The dead are slithering!
* * * LOW HITPOINT WARNING * * *
You feel sick.
Okay, then.
The air fills with toxic fumes!
As you read the scroll labelled VEANUSAULIG, it crumbles to dust.
It was a scroll of poison.
* * * LOW HITPOINT WARNING * * *
You feel sick.
* * * LOW HITPOINT WARNING * * *
You feel sick.
* * * LOW HITPOINT WARNING * * *
You feel sick.
* * * LOW HITPOINT WARNING * * *
You feel sick.
* * * LOW HITPOINT WARNING * * *
You feel sick.
You die...

### #§§
#######§###### #
§§§§§§☼Z☼§§§☼####.#
#☼§§.Z@#.#..#....#
+§§§§§§#.......###
#§§§§§##..........
#§§§☼§ #..<.....#
###### #........#
#........#
##.......#
#########


You could see a friendly adder skeleton and a friendly quokka skeleton.

Vanquished Creatures
  An adder (D:2)
  A dart slug (D:1)
  2 bats (D:1)
  2 endoplasms (D:1)
  A giant cockroach (D:1)
  2 goblins (D:1)
  3 hobgoblins (D:1)
  6 jackals (D:1)
  A kobold (D:1)
  A quokka (D:2)
  6 ball pythons (D:1)
  A rat (D:1)
27 creatures vanquished.

Vanquished Creatures (collateral kills)
  A bat (D:1)
1 creature vanquished.

Grand Total: 28 creatures vanquished

Notes
Turn   | Place    | Note
-------+----------+-------------------------------------------
     0 | D:1      | Bruhh the Ogre Necromancer began the quest for the Orb.
     0 | D:1      | Reached XP level 1. HP: 16/16 MP: 3/3
   263 | D:1      | Reached XP level 2. HP: 24/24 MP: 1/5
   599 | D:1      | Reached skill level 4 in Necromancy
   717 | D:1      | Reached XP level 3. HP: 31/31 MP: 5/7
  1241 | D:1      | Found a faded altar of an unknown god.
  1382 | D:2      | HP: 1/31 [poisoned by an adder]
  1383 | D:2      | Succumbed to an adder's poison

Illustrated notes

Levels and vault maps discovered:
D:1:      dpeg_arrival_rooms_with_view, layout_basic, serial_glass,
          glass_columns_c, glass_columns_a, glass_columns_a, glass_columns_c,
          glass_columns_c, glass_columns_c, shapermc_ecumenical_altar_hornbeckon
D:2:      layout_basic

Skill      XL: |  1  2 |
---------------+-------+-----
Spellcasting   | 3 |  3.5
Necromancy     | 4 |  4.2
Dodging        | |  1.7
Stealth        | |  1.4

Action                   || total
-------------------------++-------
Melee: Unarmed           ||    16
       Dagger            ||     3
       Punch             ||     1
 Cast: Necrotize         ||    50
  Use: Scroll            ||     1
 Stab: Sleeping          ||     1
Armor: Robe              ||    17
Dodge: Dodged            ||    16

Table legend: (Time is in decaauts)
 A = Elapsed time spent in this place.
 B = Non-inter-level travel time spent in this place.
 C = Inter-level travel time spent in this place.
 D = Time resting spent in this place.
 E = Time spent auto-exploring this place.
 F = Levels seen in this place.
 G = Mean time per level.
                   A        B        C        D        E       F      G
               +--------+--------+--------+--------+--------+-----+--------+
         Total |   1388 |   1382 |      6 |      0 |   1222 |   2 |  694.0 |
       Dungeon |   1388 |   1382 |      6 |      0 |   1222 |   2 |  694.0 |
               +--------+--------+--------+--------+--------+-----+--------+

Top non-repeatable levels by time:
     D:1: 1359 daAuts
     D:2: 28 daAuts
